 Dungeon Crawl Stone Soup version 0.29.1-12-g30fa7ad0bf (webtiles) character file.

Game seed: 2334026127286857191

489 KittyFluff the Covered (level 7, -2/66 HPs)
             Began as a Gargoyle Berserker on Jan 12, 2023.
             Was a Believer of Trog.
             Killed by divine providence
             ... invoked by an orc priest
              (7 damage)
             ... on level 6 of the Dungeon.
             The game lasted 00:11:04 (3330 turns).

KittyFluff the Covered (Gargoyle Berserker)         Turns: 3330, Time: 00:11:04

Health: -2/66      AC: 11    Str: 20    XL:     7   Next: 14%
Magic:  0/7        EV: 12    Int:  8    God:    Trog [**....]
Gold:   75         SH:  0    Dex: 11    Spells: 6/6 levels left

rFire   . . .      SeeInvis .   a - +0 mace
rCold   . . .      Faith    .   (no shield)
rNeg    + . .      Spirit   +   q - +0 leather armour
rPois   ∞          Reflect  .   k - +0 helmet
rElec   +          Harm     .   o - +0 cloak
rCorr   .          Rampage  .   (no gloves)
Will    .....                   (no boots)
Stlth   ..........              n - amulet of guardian spirit
HPRegen 0.21/turn               (no ring)
MPRegen 0.10/turn               (no ring)

@: berserking (expiring), very quick
A: sickness immunity, AC +4, negative energy resistance 1, electricity
resistance, torment resistance 1, petrification resistance
a: Renounce Religion, Berserk, Trog's Hand


You were on level 6 of the Dungeon.
You worshipped Trog.
Trog was pleased with you.
You visited 1 branch of the dungeon, and saw 4 of its levels.
You also visited: Ossuary.

You collected 75 gold pieces.

Inventory:

Hand Weapons
 a - a +0 mace (weapon)
Missiles
 c - 15 stones (quivered)
 g - 2 datura-tipped darts
Armour
 e - a +0 ring mail
 k - a +0 helmet (worn)
 o - a +0 cloak (worn)
 q - a +0 leather armour (worn)
Jewellery
 n - an amulet of guardian spirit (around neck)
Scrolls
 b - a scroll of vulnerability {unknown}
 d - a scroll of blinking {unknown}
 f - a scroll of enchant armour {unknown}
 i - a scroll of butterflies {unknown}
 j - 2 scrolls of summoning
 p - a scroll of teleportation {unknown}
 r - a scroll of poison {unknown}
 v - 2 scrolls of enchant weapon {unknown}
Potions
 h - 2 potions of haste
 l - 3 potions of lignification
 m - a potion of ambrosia
 s - 2 potions of heal wounds {unknown}
 t - 2 potions of might {unknown}
 u - 2 potions of flight {unknown}
 w - a potion of degeneration {unknown}


   Skills:
 + Level 4.8 Fighting
 + Level 4.3 Maces & Flails
 * Level 5.4 Armour
 + Level 3.1 Dodging


You had 6 spell levels left.
You didn't know any spells.
Your spell library was empty.

Dungeon Overview and Level Annotations

Branches:
Dungeon (6/15)            Ossuary (visited)
 Temple: D:4-7

Altars:


Innate Abilities, Weirdness & Mutations

You are immune to sickness and miasma.
Your stone body is resilient. (AC +4)
You are immune to poison.
You resist negative energy. (rN+)
You are resistant to electric shocks. (rElec)
You are resistant to unholy torment.
You are immune to petrification.


Message History

* * * LOW HITPOINT WARNING * * *
You hit the orc warrior. You punch the orc warrior.
The orc warrior is lightly wounded.
The orc warrior closely misses you.
You hit the orc warrior.
The orc warrior is moderately wounded.
The orc warrior completely misses you.
You barely miss the orc warrior.
The orc warrior is moderately wounded.
You sock the orc warrior!
The orc warrior is severely wounded.
The orc warrior closely misses you.
You hit the orc warrior.
The orc warrior is almost dead.
The orc warrior barely misses you.
You closely miss the orc warrior.
The orc warrior is almost dead.
The orc warrior barely misses you.
You barely miss the orc warrior.
The orc warrior is almost dead.
The orc warrior hits you with a +0 halberd!
* * * LOW HITPOINT WARNING * * *
You hit the orc warrior.
You kill the orc warrior!
Trog accepts your kill.
Your Dodging skill increases to level 3!
You have reached level 7!
You sock the orc!
You kill the orc!
Trog accepts your kill.
The orc hits you from afar with a +0 trident.
* * * LOW HITPOINT WARNING * * *
Items here: ( ))) [ †.
You sock the orc!
You kill the orc!
Trog accepts your kill.
You closely miss the orc priest.
The orc priest invokes the aid of Beogh against you.
Beogh smites you!
You die...

+.....o..# ###..#...
#........#### #...##...
#...........####.####...
#.........o......######.
##.....###o........####.
########...........##.. ###
#...............
##.###########..............#
##..........)@o...............
####...###########.........####..
.......# ##.......## #.. ###....#
#.........# #.. #....#
#.........# ### ######
#.........# #........>#
#.........# ##.......##


You could see an orc priest.

Vanquished Creatures
  A steam dragon (D:6)
  An orc warrior (D:6)
  An elf zombie (Ossuary)
  A centaur zombie (Ossuary)
  Crazy Yiuf (D:2)
  A human zombie (Ossuary)
  2 mummies (Ossuary)
  A gnoll (D:1)
  An adder (D:2)
  A worm (D:2)
  A dart slug (D:2)
  6 orcs
  3 ball pythons
  4 endoplasms (D:1)
  4 giant cockroaches
  3 goblins
  2 hobgoblins
  4 jackals (D:1)
  A kobold (D:1)
  2 bats
  3 frilled lizards
  13 hobgoblin zombies (Ossuary)
  2 jackal zombies (Ossuary)
  8 kobold zombies (Ossuary)
  9 orc zombies (Ossuary)
  A rat zombie (Ossuary)
77 creatures vanquished.

Vanquished Creatures (collateral kills)
  A rat (D:2)
1 creature vanquished.

Grand Total: 78 creatures vanquished

Notes
Turn   | Place    | Note
-------+----------+-------------------------------------------
     0 | D:1      | KittyFluff the Gargoyle Berserker began the quest for the
                  | Orb.
     0 | D:1      | Reached XP level 1. HP: 14/14 MP: 1/1
   100 | D:1      | Reached XP level 2. HP: 15/19 MP: 2/2
   203 | D:1      | Found a faded altar of an unknown god.
   757 | D:1      | Reached XP level 3. HP: 18/23 MP: 3/3
   850 | D:1      | Reached skill level 3 in Armour
  1328 | D:2      | Found a runed translucent door.
  1329 | D:2      | Noticed Crazy Yiuf
  1336 | D:2      | Killed Crazy Yiuf
  1337 | D:2      | Reached XP level 4. HP: 29/29 MP: 4/4
  2087 | D:3      | You fall into a shaft and drop 3 floors!
  2097 | D:6      | Noticed a steam dragon
  2108 | D:6      | Killed a steam dragon
  2109 | D:6      | Reached skill level 4 in Armour
  2109 | D:6      | Reached XP level 5. HP: 11/33 MP: 5/5
  2109 | D:6      | Found a sand-covered staircase.
  2300 | Ossuary  | Entered an ossuary
  2393 | Ossuary  | Reached ** piety under Trog
  2434 | Ossuary  | Reached XP level 6. HP: 38/38 MP: 6/6
  2690 | Ossuary  | Reached skill level 5 in Armour
  3297 | D:6      | Noticed an orc warrior
  3326 | D:6      | Killed an orc warrior
  3327 | D:6      | Reached XP level 7. HP: 7/44 MP: 2/7
  3330 | D:6      | Killed from afar by an orc priest

Illustrated notes

Levels and vault maps discovered:
D:1:      saegor_arrival_simple_e, layout_loops_ring, basic_ecumenical_altar,
          chequers_decorated_corner, minmay_misc_feat_cross,
          minmay_misc_feat_hallway, grunt_decor_junction, corexii_corridor_pit
D:2:      layout_loops_ring, grunt_ministairs_9, uniq_crazy_yiuf_cottage
D:3:      layout_basic, portal_sewer_entry_b
D:6:      layout_rooms, nicolae_ossuary_entry_monument,
          kennysheep_cluttered_room, lemuel_flamethrower_1

Skill      XL: |  1  2  3  4  5  6 |
---------------+-------------------+-----
Armour         | 3 4 5 |  5.4
Dodging        | 2 3 |  3.1
Fighting       | 4 |  4.8
Maces & Flails | 4 |  4.3

Action                   |  1- 3 |  4- 6 |  7- 9 || total
-------------------------+-------+-------+-------++-------
Melee: Mace              |    50 |   218 |     3 ||   271
       Punch             |       |     3 |       ||     3
Invok: Berserk           |     2 |     2 |       ||     4
  Use: Scroll            |     1 |     4 |       ||     5
Armor: Animal skin       |    15 |       |       ||    15
       Leather armour    |       |    93 |       ||    93
Dodge: Dodged            |    25 |   128 |       ||   153
